AoeStats
← raw0000

African Clearing

510495001Analyzed
4v4 RM · 1d ago on Oct 1, 2026· 60m 27s· 8 players
Game mode
Random Map
Map size
Large (8 player)
Population
200
Speed
Normal
Resources
Standard
Victory
Conquest
Starting age
Dark Age
Ending age
Imperial Age
RankedLock teamsTeams togetherTeam positionsShared explorationLock speedFull tech treeHidden civsTurbo modeCheats
Victory
Defeat
🇺🇸 Mongols · United States
1219
+17
🇳🇿 Georgians · New Zealand
1218
+17
🇨🇳 Chinese · China
1216
+17
🇮🇳 Vietnamese · India
1212
+17
🇳🇴 Gurjaras · Norway
1260
-19
🇷🇺 Britons · Russia
1233
-17
🇮🇳 Dravidians · India
1233
-17
🇹🇷 Poles · Türkiye
1200
-15
Unlucky
9:54 Loom
13:35 Feudal Age
18:15 Castle Age
16:50 Double-Bit Axe
20:38 Bow Saw
21:25 Horse Collar
23:33 Wheelbarrow
23:36 Town Watch
23:46 Gold Mining
25:05 Heavy Plow
26:42 Hand Cart
27:17 Stone Mining
27:55 Fletching
29:05 Squires
28:25 Pikeman
29:06 Bodkin Arrow
29:12 Scale Mail Armor
31:26 Ballistics
34:52 Imperial Age
32:54 Chain Mail Armor
33:11 Arson
35:26 Masonry
34:57 Treadmill Crane
35:22 Padded Archer Armor
36:00 Conscription
35:02 Elite Longbowman
35:16 Halberdier
36:14 Forging
36:52 Bracer
37:23 Plate Mail Armor
37:55 Chemistry
38:24 Town Patrol
39:15 Yeomen
39:56 Coinage
39:40 Guilds
39:53 Warwolf
41:08 Murder Holes
41:43 Architecture
41:53 Leather Archer Armor
42:13 Iron Casting
44:07 Banking
44:56 Siege Engineers
50:00 Blast Furnace
49:31 Ring Archer Armor
Gin
8:36 Loom
11:44 Feudal Age
14:21 Scale Barding Armor
14:27 Forging
18:23 Wheelbarrow
21:25 Castle Age
23:10 Double-Bit Axe
25:24 Chain Barding Armor
25:43 Iron Casting
28:14 Horse Collar
30:08 Husbandry
30:52 Bloodlines
32:30 Hand Cart
33:01 Town Watch
37:20 Imperial Age
36:17 Heavy Plow
36:31 Bow Saw
36:14 Gold Mining
38:26 Gold Shaft Mining
38:02 Kshatriyas
38:23 Frontier Guards
38:31 Conscription
37:51 Elite Shrivamsha Rider
39:24 Frontier Guards
38:40 Heavy Camel Rider
41:24 Plate Barding Armor
41:59 Crop Rotation
42:27 Stone Mining
43:45 Caravan
45:35 Scale Mail Armor
48:14 Elite Chakram Thrower
50:25 Chain Mail Armor
52:03 Plate Mail Armor
52:33 Fletching
52:43 Padded Archer Armor
53:18 Ballistics
53:59 Chemistry
52:24 Elite Elephant Archer
53:09 Thumb Ring
52:58 Light Cavalry
54:41 Bodkin Arrow
55:02 Leather Archer Armor
54:48 Elite Skirmisher
yenese
9:17 Loom
12:19 Feudal Age
13:02 Double-Bit Axe
13:17 Horse Collar
22:51 Castle Age
21:37 Scale Barding Armor
21:42 Forging
24:34 Bow Saw
24:25 Heavy Plow
24:49 Bloodlines
24:39 Husbandry
26:28 Forging
28:02 Wheelbarrow
29:44 Chain Barding Armor
33:05 Iron Casting
37:18 Imperial Age
37:26 Cavalier
39:16 Blast Furnace
37:39 Light Cavalry
40:35 Hand Cart
40:06 Town Watch
41:01 Crop Rotation
41:04 Winged Hussar
43:58 Conscription
44:41 Szlachta Privileges
45:04 Lechitic Legacy
48:11 Scale Mail Armor
48:02 Fletching
50:04 Elite Skirmisher
50:50 Thumb Ring
50:41 Bodkin Arrow
50:46 Padded Archer Armor
55:58 Ballistics
raw0000
6:51 Loom
16:26 Feudal Age
31:13 Double-Bit Axe
31:13 Horse Collar
35:37 Castle Age
43:10 Wheelbarrow
43:55 Bow Saw
44:15 Heavy Plow
45:22 Hand Cart
45:13 Town Watch
55:13 Imperial Age
53:02 Town Patrol
53:18 Forging
53:24 Scale Mail Armor
53:08 Pikeman
53:48 Squires
53:35 Arson
54:48 Iron Casting
54:31 Chain Mail Armor
Imyourextasy
13:37 Feudal Age
19:41 Castle Age
17:27 Loom
19:27 Double-Bit Axe
22:13 Bow Saw
25:48 Horse Collar
29:41 Wheelbarrow
29:16 Gold Mining
30:28 Bloodlines
31:12 Heavy Plow
33:30 Scale Barding Armor
35:13 Chain Barding Armor
36:14 Forging
37:00 Hand Cart
39:16 Imperial Age
38:02 Iron Casting
37:37 Fletching
37:48 Padded Archer Armor
38:32 Ballistics
38:24 Masonry
39:22 Bodkin Arrow
39:28 Elite Steppe Lancer
40:09 Husbandry
40:32 Conscription
41:18 Chemistry
39:57 Elite Mangudai
42:03 Blast Furnace
41:13 Heavy Camel Rider
42:06 Scale Mail Armor
42:22 Leather Archer Armor
42:59 Bracer
44:53 Chain Mail Armor
54:08 Stone Mining
54:53 Gold Shaft Mining
57:04 Siege Engineers
59:49 Plate Mail Armor
61:06 Thumb Ring
61:27 Parthian Tactics
FinRahZel
3:28 Loom
12:20 Feudal Age
16:45 Castle Age
15:20 Double-Bit Axe
17:48 Bow Saw
18:57 Horse Collar
24:41 Wheelbarrow
25:17 Gold Mining
25:33 Stone Mining
26:31 Hand Cart
28:00 Stone Shaft Mining
33:02 Imperial Age
31:01 Fletching
31:56 Scale Barding Armor
32:01 Forging
32:33 Bodkin Arrow
33:11 Ballistics
34:00 Chain Barding Armor
34:15 Conscription
33:49 Guard Tower
34:20 Bracer
34:55 Iron Casting
34:33 Svan Towers
34:24 Treadmill Crane
36:23 Chemistry
36:02 Keep
35:22 Arrowslits
36:19 Plate Barding Armor
37:24 Blast Furnace
36:58 Murder Holes
36:55 Elite Monaspa
39:29 Siege Engineers
40:42 Masonry
46:03 Aznauri Cavalry
Lala Land
5:02 Loom
15:52 Feudal Age
17:46 Fletching
17:52 Double-Bit Axe
17:48 Horse Collar
18:01 Gold Mining
22:04 Padded Archer Armor
28:54 Castle Age
26:52 Stone Mining
29:50 Bodkin Arrow
30:31 Bow Saw
30:22 Heavy Plow
29:53 Crossbowman
30:39 Thumb Ring
34:54 Stone Shaft Mining
35:38 Wheelbarrow
36:53 Pikeman
37:33 Squires
37:38 Scale Mail Armor
37:48 Forging
37:26 Elite Skirmisher
41:47 Imperial Age
39:32 Hand Cart
40:50 Ballistics
40:12 Treadmill Crane
42:19 Chain Mail Armor
42:39 Iron Casting
42:24 Town Watch
43:41 Two-Man Saw
43:12 Crop Rotation
42:38 Halberdier
43:05 Arson
42:50 Imperial Skirmisher
44:47 Plate Mail Armor
44:18 Bracer
45:22 Chemistry
44:18 Murder Holes
44:29 Siege Engineers
46:49 Leather Archer Armor
47:00 Masonry
48:44 Paper Money
49:00 Hoardings
50:05 Ring Archer Armor
51:00 Fortified Wall
巨大的问号
3:43 Loom
12:04 Feudal Age
14:01 Double-Bit Axe
18:27 Stone Mining
18:27 Gold Mining
23:02 Fletching
28:09 Wheelbarrow
31:32 Castle Age
32:28 Scale Mail Armor
39:08 Bow Saw
41:04 Hand Cart
41:50 Gold Mining
45:47 Imperial Age
44:02 Horse Collar
45:06 Town Watch
46:17 Heavy Plow
46:21 Town Patrol
46:36 Squires
46:54 Chain Mail Armor
46:50 Forging
46:02 Capped Ram
47:30 Gold Shaft Mining
46:41 Pikeman
48:11 Stone Shaft Mining
48:27 Siege Ram
48:30 Halberdier
49:43 Plate Mail Armor
49:49 Iron Casting
50:34 Iron Casting
53:38 Blast Furnace
53:15 Arson
55:39 Conscription
Connection lost

Rejoining the realm…

Still unreachable

The connection could not be restored.

Session expired

The server has moved on; the page needs a fresh start.